 Dungeon Crawl Stone Soup version 0.31-a0-152-g6aa68a64a1 (webtiles) character file.

Game seed: 5747455311681225528

3990 qw the Skirmisher (level 10, -2/65 HPs)
             Began as a Gargoyle Hunter on June 10, 2023.
             Was a Follower of Okawaru.
             Slain by an orc warrior
             ... wielding a +0 mace
              (5 damage)
             ... on level 8 of the Dungeon.
             The game lasted 00:03:14 (4661 turns).

qw the Skirmisher (Gargoyle Hunter)                 Turns: 4661, Time: 00:03:14

Health: -2/65      AC: 17    Str: 15    XL:     10   Next: 22%
Magic:  11/13      EV: 20    Int: 10    God:    Okawaru [*.....]
Gold:   331        SH:  0    Dex: 17    Spells: 9/9 levels left

rFire   . . .        Y - +0 shortbow
rCold   . . .        (shield currently unavailable)
rNeg    + . .        b - +0 ring mail
rPois   inf          d - +2 helmet
rElec   +            (no cloak)
rCorr   .            (no gloves)
SInv    .            (no boots)
Will    .....        k - amulet of regeneration
Stlth   +++          m - +5 ring of evasion
HPRegen 1.10/turn    (no ring)
MPRegen 0.13/turn

%: no passive effects
@: about to teleport, heroic
A: sickness immunity, AC +7, negative energy resistance 1, electricity
resistance, torment resistance 1, petrification resistance
a: Renounce Religion, Heroism


You were on level 8 of the Dungeon.
You worshipped Okawaru.
Okawaru was aware of your devotion.
You visited 2 branches of the dungeon, and saw 9 of its levels.

You collected 375 gold pieces.
You spent 44 gold pieces at shops.


Innate Abilities, Weirdness & Mutations

You are immune to sickness and miasma.
Your stone body is resilient. (AC +7)
You are immune to poison.
You resist negative energy. (rN+)
You are resistant to electric shocks. (rElec)
You are resistant to unholy torment.
You are immune to petrification.


   Skills:
 - Level 8.4(13.4) Fighting
 + Level 11.5(16.5) Ranged Weapons
 - Level 3.3(8.3) Armour
 - Level 3.1(8.1) Dodging
 - Level 1.1(6.1) Stealth
 - Level 4.3 Invocations


You had 9 spell levels left.
You didn't know any spells.
Your spell library was empty.

Inventory:

Hand Weapons
 Y - a +0 shortbow (weapon)
Armour
 b - a +0 ring mail (worn)
 d - a +2 helmet (worn)
Jewellery
 k - an amulet of regeneration (around neck)
 m - a +5 ring of evasion (left hand)
Scrolls
 a - a scroll of identify
 e - a scroll of teleportation
Potions
 c - 2 potions of curing
 f - a potion of might
 g - a potion of attraction
 h - a potion of heal wounds

Dungeon Overview and Level Annotations

Branches:
Dungeon (8/15)             Temple (1/1) D:4
   Lair: D:8-11

Altars:
Ashenzari
Cheibriados
Dithmenos
Elyvilon
Fedhas
Gozag
Hepliaklqana
Kikubaaqudgha
Makhleb
Nemelex Xobeh
Okawaru
Ru
Trog
Uskayaw
Vehumet
Wu Jian
Xom
Yredelemnul
Zin

Shops:
D:2 *


Message History

The yak closely misses you.
The yak gores you but does no damage. x2
You shoot an arrow. The arrow hits the hornet.
The hornet is severely wounded.
The hornet closely misses you.
You shoot an arrow. The arrow closely misses the hornet.
The arrow closely misses the yak.
The hornet barely misses you. The yak gores you but does no damage.
The yak gores you. The orc completely misses you.
The yak completely misses you.
The orc warrior hits you but does no damage.
You shoot an arrow.
The arrow hits the hornet but does no damage.
The hornet is severely wounded.
The hornet stings you but does no damage.
The orc warrior closely misses you. The orc misses you.
The orc wizard closely misses you. The yak completely misses you. x2
The yak misses you.
You shoot an arrow. The arrow completely misses the hornet.
The arrow hits the yak!
The yak is almost dead.
The hornet closely misses you. The orc hits you but does no damage.
The orc wizard hits you but does no damage.
The orc warrior misses you. The yak gores you. The yak completely misses you.
The yak closely misses you. The hornet misses you.
You shoot an arrow. The arrow closely misses the hornet.
The arrow hits the yak.
The yak is almost dead.
The hornet barely misses you. The yak misses you.
The orc completely misses you. The orc wizard misses you.
The orc warrior misses you. The yak gores you!
The yak gores you but does no damage.
The orc suddenly roars.
You shoot an arrow.
The arrow hits the hornet but does no damage.
The hornet is severely wounded.
The hornet stings you!
4661 ||| READING 2 scrolls of teleportation.
As you read the scroll of teleportation, it crumbles to dust.
You feel strangely unstable. The hornet closely misses you.
The yak misses you. x2; The yak gores you!
The orc completely misses you. The orc wizard barely misses you.
The orc warrior hits you with a +0 mace.
You die...

#...<........###....
#...................
##...#....>.###.....
......................
.#####.y.......%......
#.###............ #.#
#.Y......#### ..#
#oyY>........ ...
#Y@##........ ###
#oY##...Y.Y.Y
#ooo.........
.............
#.............
..............
........?......
#..#.###....


You could see 4 yaks, a hornet, an orc warrior, an orc wizard and 3 orcs.

Vanquished Creatures
  Pikel (D:6)
  Grinder (D:6)
  Prince Ribbit (D:7)
  Sigmund (D:3)
  A yak (D:8)
  Eustachio (D:5)
  A steam dragon (D:7)
  Menkaure (D:5)
  A water moccasin (D:6)
  2 sky beasts (D:7)
  2 black bears (D:5)
  4 ogres
  3 phantoms
  A lemure (D:6)
  A gnoll sergeant (D:6)
  6 scorpions
  2 howler monkeys
  4 hounds
  3 jellies
  3 sleepcaps
  A gnoll bouda (D:6)
  Terence (D:3)
  8 iguanas
  3 orc wizards
  Robin (D:3)
  7 adders
  8 gnolls (D:6)
  2 white imps
  A shadow imp (D:7)
  An ufetubus (D:4)
  A worm (D:5)
  7 dart slugs
  14 orcs
  12 ball pythons
  8 endoplasms
  3 giant cockroaches
  14 goblins
  7 hobgoblins
  2 jackals (D:2)
  4 kobolds
  6 quokkas
  6 bats
  5 frilled lizards
  7 rats
169 creatures vanquished.

Vanquished Creatures (others)
  An iguana (D:5)
  A quokka (D:5)
2 creatures vanquished.

Grand Total: 171 creatures vanquished

Notes
Turn   | Place    | Note
-------+----------+-------------------------------------------
     0 | D:1      | qw the Gargoyle Hunter began the quest for the Orb.
     0 | D:1      | Reached XP level 1. HP: 12/12 MP: 1/1
     0 | D:1      | 0 ||| qw: Version: 0.2-a-123-gb51047a
     0 | D:1      | 0 ||| qw: Game counter: 3762
     0 | D:1      | 0 ||| qw: Always use a shield: true
     0 | D:1      | 0 ||| qw: God list: Okawaru
     0 | D:1      | 0 ||| qw: Allow faded altars: false
     0 | D:1      | 0 ||| qw: Do Orc after D:15 true
     0 | D:1      | 0 ||| qw: Do second Lair branch before Depths: true
     0 | D:1      | 0 ||| qw: Lair rune preference: random
     0 | D:1      | 0 ||| qw: Plans: Normal, Zot:1-4, Slime:5, God:TSO, Crypt,
                  | Tomb, Abyss, Pan, Hells, Win
     0 | D:1      | 0 ||| PLANNING D:1-11
    82 | D:1      | 82 ||| FLEEEEING.
    83 | D:1      | 83 ||| FLEEEEING.
    84 | D:1      | 84 ||| FLEEEEING.
    85 | D:1      | 85 ||| FLEEEEING.
    86 | D:1      | 86 ||| FLEEEEING.
    88 | D:1      | Reached XP level 2. HP: 14/17 MP: 2/2
   271 | D:1      | Reached XP level 3. HP: 21/21 MP: 3/3
   336 | D:1      | Reached skill level 5 in Ranged Weapons
   684 | D:1      | 684 ||| UPGRADING to amulet of regeneration.
   689 | D:1      | 689 ||| READING 2 scrolls labelled PEWAOXTASH.
   690 | D:1      | 690 ||| READING scroll labelled WYTSILUIQE.
   691 | D:1      | 691 ||| READING scroll labelled FIANUS XOULIR.
   694 | D:1      | 694 ||| READING 2 scrolls labelled WEULILA DIMUSA.
   695 | D:1      | 695 ||| DROPPING scroll of butterflies.
   696 | D:1      | 696 ||| DROPPING scroll of fear.
   794 | D:2      | Found a faded altar of an unknown god.
   847 | D:2      | Reached skill level 3 in Fighting
   920 | D:2      | Reached XP level 4. HP: 28/28 MP: 4/4
   932 | D:2      | Found Tiumah's General Store.
   940 | D:2      | 940 ||| BUYING +0 ring mail (44 gold).
   940 | D:2      | Bought a +0 ring mail for 44 gold pieces
   940 | D:2      | 940 ||| SHOPLISTING potion of haste (110 gold, have 43).
   940 | D:2      | 940 ||| SHOPLISTING scroll of brand weapon (104 gold, have
                  | 43).
   947 | D:2      | You fall into a shaft and drop 1 floor!
   960 | D:3      | Noticed Robin
   963 | D:3      | 963 ||| Stepping ~*~*~tactically~*~*~ (outnumbered).
   988 | D:3      | Killed Robin
  1011 | D:3      | 1011 ||| UPGRADING to +0 ring mail.
  1021 | D:3      | 1021 ||| DROPPING +0 leather armour.
  1022 | D:3      | 1022 ||| UPGRADING to +0 helmet.
  1027 | D:3      | 1027 ||| READING 2 scrolls of identify.
  1027 | D:3      | 1027 ||| IDENTIFYING fizzy brown potion
  1258 | D:2      | Reached skill level 1 in Armour
  1272 | D:2      | 1272 ||| DROPPING ring of magical power.
  1273 | D:2      | 1273 ||| UPGRADING to +5 ring of evasion.
  1309 | D:3      | Noticed Sigmund
  1311 | D:3      | 1311 ||| STAIRDANCE
  1319 | D:3      | 1319 ||| STAIRDANCE
  1325 | D:3      | 1325 ||| STAIRDANCE
  1339 | D:3      | 1339 ||| STAIRDANCE
  1361 | D:3      | Killed Sigmund
  1362 | D:3      | Reached skill level 6 in Ranged Weapons
  1362 | D:3      | Reached XP level 5. HP: 28/32 MP: 5/5
  1362 | D:3      | Reached XP level 6. HP: 33/37 MP: 6/6
  1640 | D:3      | Noticed Terence
  1653 | D:3      | Killed Terence
  1654 | D:3      | Reached skill level 7 in Ranged Weapons
  1731 | D:3      | 1731 ||| DRINKING 2 amethyst potions.
  1732 | D:3      | 1732 ||| READING 2 scrolls of identify.
  1732 | D:3      | 1732 ||| IDENTIFYING puce potion
  1770 | D:4      | Found a staircase to the Ecumenical Temple.
  1771 | D:4      | 1771 ||| PLANNING TEMPLE
  1779 | Temple   | Entered the Ecumenical Temple
  1806 | Temple   | 1806 ||| PLANNING OKAWARU WORSHIP
  1974 | Temple   | Became a worshipper of Warmaster Okawaru
  1974 | Temple   | 1974 ||| PLANNING D:1-11
  2077 | D:4      | Reached XP level 7. HP: 42/43 MP: 7/7
  2338 | D:4      | 2338 ||| DROPPING amulet of the acrobat.
  2339 | D:4      | 2339 ||| READING scroll labelled SEEROI RIDWAB.
  2340 | D:4      | 2340 ||| READING scroll labelled GOTAON PEGEO.
  2341 | D:4      | 2341 ||| READING 2 scrolls labelled LOUG UBASUDD.
  2342 | D:4      | 2342 ||| DROPPING scroll of amnesia.
  2350 | D:5      | Entered Level 5 of the Dungeon
  2358 | D:5      | Noticed Eustachio
  2398 | D:5      | Killed Eustachio
  2399 | D:5      | Reached skill level 8 in Ranged Weapons
  2467 | D:5      | Noticed Menkaure
  2475 | D:5      | Killed Menkaure
  2475 | D:5      | Reached * piety under Okawaru
  2484 | D:5      | 2484 ||| INVOKING Heroism.
  2489 | D:5      | Reached XP level 8. HP: 35/49 MP: 5/8
  2550 | D:5      | 2550 ||| READING scroll of enchant armour.
  2550 | D:5      | 2550 ||| ENCHANTING +0 helmet.
  2864 | D:5      | 2864 ||| INVOKING Heroism.
  2873 | D:5      | Reached skill level 9 in Ranged Weapons
  2876 | D:5      | Reached skill level 1 in Invocations
  2990 | D:5      | Found a shimmering altar of Xom.
  2996 | D:5      | 2996 ||| INVOKING Heroism.
  3110 | D:5      | 3110 ||| READING 2 scrolls of identify.
  3110 | D:5      | 3110 ||| IDENTIFYING fizzy clear potion
  3111 | D:5      | 3111 ||| DROPPING potion of enlightenment.
  3137 | D:6      | 3137 ||| INVOKING Heroism.
  3146 | D:6      | Reached skill level 6 in Fighting
  3146 | D:6      | Reached skill level 3 in Invocations
  3214 | D:6      | Noticed Pikel
  3214 | D:6      | 3214 ||| INVOKING Heroism.
  3244 | D:6      | 3244 ||| INVOKING Heroism.
  3247 | D:6      | HP: 10/51 [Pikel/+2 whip of freezing (5)]
  3248 | D:6      | 3248 ||| READING scroll of teleportation.
  3249 | D:6      | 3249 ||| DRINKING potion of heal wounds.
  3252 | D:6      | Killed Pikel
  3252 | D:6      | Reached ** piety under Okawaru
  3253 | D:6      | Reached skill level 10 in Ranged Weapons
  3253 | D:6      | Reached XP level 9. HP: 30/55 MP: 8/11
  3364 | D:6      | Noticed Grinder
  3365 | D:6      | 3365 ||| INVOKING Heroism.
  3373 | D:6      | Paralysed by Grinder for 5 turns
  3386 | D:6      | 3386 ||| INVOKING Heroism.
  3429 | D:6      | 3429 ||| INVOKING Heroism.
  3430 | D:6      | Paralysed by Grinder for 5 turns
  3449 | D:6      | 3449 ||| INVOKING Heroism.
  3450 | D:6      | Killed Grinder
  3593 | D:6      | 3593 ||| INVOKING Heroism.
  3645 | D:6      | Found a radiant altar of Vehumet.
  3819 | D:6      | 3819 ||| INVOKING Heroism.
  3822 | D:6      | Identified the +4 dagger of Midnight {spect, Str+3}
  3834 | D:6      | Reached skill level 11 in Ranged Weapons
  3834 | D:6      | 3834 ||| INVOKING Heroism.
  3935 | D:6      | 3935 ||| DROPPING ring of wizardry.
  3936 | D:6      | 3936 ||| READING scroll labelled JYAGUASSILA.
  3937 | D:6      | 3937 ||| READING 2 scrolls of identify.
  3937 | D:6      | 3937 ||| IDENTIFYING fuming purple potion
  3938 | D:6      | 3938 ||| DROPPING potion of invisibility.
  3958 | D:7      | Found a blossoming altar of Fedhas.
  3970 | D:7      | Reached skill level 3 in Dodging
  4093 | D:7      | Reached skill level 3 in Armour
  4110 | D:7      | 4110 ||| INVOKING Heroism.
  4171 | D:7      | 4171 ||| INVOKING Heroism.
  4192 | D:7      | 4192 ||| READING scroll of enchant armour.
  4192 | D:7      | 4192 ||| ENCHANTING +1 helmet.
  4198 | D:7      | 4198 ||| INVOKING Heroism.
  4210 | D:7      | 4210 ||| READING 2 scrolls of identify.
  4210 | D:7      | 4210 ||| IDENTIFYING emerald potion
  4225 | D:7      | 4225 ||| DROPPING potion of brilliance.
  4235 | D:7      | Reached XP level 10. HP: 62/63 MP: 13/13
  4298 | D:7      | Noticed Prince Ribbit
  4321 | D:7      | Killed Prince Ribbit
  4444 | D:7      | 4444 ||| INVOKING Heroism.
  4575 | D:7      | 4575 ||| READING 2 scrolls of identify.
  4575 | D:7      | 4575 ||| IDENTIFYING viscous golden potion
  4576 | D:7      | 4576 ||| DROPPING potion of degeneration.
  4599 | D:8      | 4599 ||| PLANNING OSSUARY
  4632 | D:8      | 4632 ||| INVOKING Heroism.
  4654 | D:8      | 4654 ||| INVOKING Heroism.
  4660 | D:8      | HP: 14/65 [hornet (11)]
  4661 | D:8      | 4661 ||| READING 2 scrolls of teleportation.
  4661 | D:8      | HP: 3/65 [yak (12)]
  4661 | D:8      | Slain by an orc warrior

Levels and vault maps discovered:
D:1:      dpeg_arrival_yet_another_circle, layout_basic, minmay_misc_feat_doors
D:2:      layout_basic, serial_shops, nicolae_shop_crystal,
          ebering_ecumenical_altar_hall
D:3:      layout_rooms, serial_bayou_pond_c, minmay_misc_feat_enclosed,
          small_statue_intersection, serial_park_tiny_pond, uniq_sigmund,
          uniq_robin, uniq_terence
D:4:      layout_rooms, minmay_temple_entry_arrows
D:5:      layout_loops_cross, xom_confusion_cloud, kennysheep_nondescript,
          minmay_bent, uniq_menkaure, uniq_eustachio
D:6:      layout_rooms, lemuel_doored_altar, uniq_grinder, uniq_pikel
D:7:      layout_basic, nicolae_overflow_crystal_walls, kennysheep_boxes,
          uniq_prince_ribbit1
D:8:      layout_rooms, mainiacjoe_overflow_chevrons, enter_ossuary_3,
          dk_rats_in_the_wall
Temple:   regret_index_temple_sphere_string

Skill      XL: |  1  2  3  4  5  6  7  8  9 10 |
---------------+-------------------------------+-----
Ranged Weapons | 5 6 7 8 10 11 | 11.5
Fighting       | 3 4 5 6 7 8 |  8.4
Armour         | 1 2 3 |  3.3
Dodging        | 2 3 |  3.1
Invocations    | 3 4 |  4.3
Stealth        | |  1.1

Action                     |  1- 3 |  4- 6 |  7- 9 | 10-12 || total
---------------------------+-------+-------+-------+-------++-------
   Fire: Shortbow          |    96 |   160 |   529 |    96 ||   881
 Invoke: Heroism           |       |       |    16 |     3 ||    19
    Use: Scroll            |     4 |     2 |    10 |     2 ||    18
         Potion            |       |     1 |     1 |       ||     2
 Armour: Leather armour    |    23 |    20 |       |       ||    43
         Ring mail         |       |    15 |    94 |    29 ||   138
  Dodge: Dodged            |    25 |    67 |   319 |    94 ||   505

Table legend:
 A = Non-vault XP
 B = Vault XP
 C = Vault XP percentage of total XP
 D = Non-vault monster count
 E = Vault monster count
 F = Vault count percentage of total count
                 A         B        C        D         E       F
            +---------+---------+-------+---------+---------+-------
      Total |    3333 |    2368 |  41.5 |     137 |      32 |  18.9
            +---------+---------+-------+---------+---------+-------
        D:1 |      47 |       0 |   0.0 |      25 |       0 |   0.0
        D:2 |      68 |       0 |   0.0 |      25 |       0 |   0.0
        D:3 |     154 |     298 |  65.9 |      18 |      14 |  43.8
        D:4 |     223 |       0 |   0.0 |       8 |       0 |   0.0
        D:5 |     349 |     843 |  70.7 |      11 |      15 |  57.7
        D:6 |    1124 |     968 |  46.3 |      34 |       2 |   5.6
        D:7 |    1054 |     259 |  19.7 |      13 |       1 |   7.1
        D:8 |     314 |       0 |   0.0 |       3 |       0 |   0.0
            +---------+---------+-------+---------+---------+-------
